 Dungeon Crawl Stone Soup version 0.31.0-11-ge490571c62 (webtiles) character file.

Game seed: 13434431047437269613

95 qw the Shooter (level 4, 0/22 HPs)
             Began as a Spriggan Hunter on Feb 4, 2024.
             Engulfed by a steam dragon's steam (6 damage)
             ... on level 3 of the Dungeon.
             The game lasted 00:00:07 (1926 turns).

qw the Shooter (Spriggan Hunter)                    Turns: 1926, Time: 00:00:08

Health: 0/22       AC:  4    Str:  7    XL:     4   Next: 39%
Magic:  5/5        EV: 20    Int: 10    God:
Gold:   127        SH:  0    Dex: 20    Spells: 3/3 levels left

rFire   . . .        a - +0 shortbow
rCold   . . .        (shield currently unavailable)
rNeg    . . .        b - +2 robe {Will+}
rPois   .            (helmet restricted)
rElec   .            (no cloak)
rCorr   .            (gloves unavailable)
SInv    +            (boots unavailable)
Will    +....        (no amulet)
Stlth   ++           (no ring)
HPRegen 0.23/turn    (no ring)
MPRegen 0.09/turn

%: no passive effects
@: very quick
A: very small, no large weapons, unfitting armour, see invisible, speed 3
a: no special abilities


You were on level 3 of the Dungeon.
You visited 1 branch of the dungeon, and saw 3 of its levels.

You collected 127 gold pieces.


Innate Abilities, Weirdness & Mutations

You are very small and have problems with some larger weapons.
You are too small for most types of armour.
You have supernaturally acute eyesight. (SInv)
You cover ground extremely quickly. (Speed+++)


   Skills:
 - Level 1.5 Fighting
 - Level 5.0 Ranged Weapons
 + Level 4.9 Dodging
 - Level 1.5 Stealth


You had 3 spell levels left.
You didn't know any spells.
Your spell library was empty.

Inventory:

Hand Weapons
 a - a +0 shortbow (weapon)
Armour
 b - a +2 robe of willpower (worn)
Scrolls
 f - a scroll of torment {unknown}
Potions
 c - a potion of degeneration {unknown}
 e - a potion of curing {unknown}
 g - a potion of enlightenment
 i - 2 potions of lignification {unknown}
 k - a potion of attraction {unknown}

Dungeon Overview and Level Annotations

Branches:
Dungeon (3/15)

Altars:
Sif Muna

Annotations:
D:3 2 transporters, qw's ghost, amateur SpHu


Message History

The bat is moderately wounded.
You shoot an arrow. The arrow barely misses the bat.
The bat hits you but does no damage. The bat completely misses you.
You shoot an arrow. The arrow closely misses the bat.
The bat misses you.
You shoot an arrow. The arrow misses the bat.
The bat hits you but does no damage.
You shoot an arrow. The arrow misses the bat.
The bat hits you but does no damage.
You shoot an arrow. The arrow closely misses the bat.
The bat closely misses you. The bat hits you but does no damage.
You shoot an arrow. The arrow hits the bat.
You kill the bat!
You see here a bat corpse.
Found an escape hatch in the ceiling.
You open the door.
There is an open door here.
A quokka and a steam dragon come into view.
The steam dragon hisses angrily.
Enter note:
Enter note:
Enter note:
Enter note: You shoot an arrow.
The arrow hits the steam dragon but does no damage.
You shoot an arrow.
The arrow hits the steam dragon but does no damage.
The steam dragon breathes steam at you. The ball of steam hits you!
Ouch! That really hurt!
1923 ||| DRINKING potion of heal wounds.
You feel much better.
You are engulfed in a cloud of scalding steam.
Ouch! That really hurt!
1924 ||| FLEEEEING.
You are engulfed in a cloud of scalding steam.
1925 ||| Stepping ~*~*~tactically~*~*~ (cloud).
You shoot an arrow. The arrow closely misses the quokka.
You are engulfed in a cloud of scalding steam.
You die...

#.# ##......#.....#####.... ###
#......#.....##.......
..........##......#.....##.#####.
..........##.######.....##.# #.
..%.......##.####.......##.# #%
..........##....'.......##.#####.
..........##. ###....#...........
..........##..####'###...........
..........##....@¤¤# #...........
..........###...¤..###...........
####'###### #...¤¤.¤.............
..#......####.#.#.r###.#.........
..'...............¤# #.#.........
..#..###........r.D# #.#....<....
..#..# #......#...¤#
..#..###....).#....#
....................


You could see a steam dragon and a quokka.

Vanquished Creatures
  2 adders
  2 ribbon worms (D:2)
  3 dart slugs
  An orc (D:3)
  7 ball pythons
  3 bats
  6 endoplasms
  3 giant cockroaches
  5 goblins
  2 hobgoblins (D:2)
  9 jackals
  2 quokkas (D:1)
  5 frilled lizards
  3 kobolds
  5 rats
58 creatures vanquished.

Notes
Turn   | Place    | Note
-------+----------+-------------------------------------------
     0 | D:1      | qw the Spriggan Hunter began the quest for the Orb.
     0 | D:1      | Reached XP level 1. HP: 10/10 MP: 2/2
     0 | D:1      | 0 ||| qw: Version: 0.3-a-160-g6735b56
     0 | D:1      | 0 ||| qw: Game counter: 4322
     0 | D:1      | 0 ||| qw: Melee chars always use a shield: true
     0 | D:1      | 0 ||| qw: God list: Okawaru
     0 | D:1      | 0 ||| qw: Allow faded altars: false
     0 | D:1      | 0 ||| qw: Do Orc after clearing Dungeon:15 true
     0 | D:1      | 0 ||| qw: Do second Lair branch before Depths: true
     0 | D:1      | 0 ||| qw: Lair rune preference: random
     0 | D:1      | 0 ||| qw: Goals: Normal
     0 | D:1      | 0 ||| PLANNING D:1-11
    32 | D:1      | Reached skill level 3 in Dodging
   177 | D:1      | Reached XP level 2. HP: 14/14 MP: 3/3
   477 | D:1      | Reached XP level 3. HP: 18/18 MP: 4/4
   849 | D:1      | 849 ||| DROPPING scarf of invisibility.
   850 | D:1      | 850 ||| READING scroll labelled LAEPEI JENKAGELURPH.
   851 | D:1      | 851 ||| READING scroll labelled JUUJO FAIQ.
   852 | D:1      | 852 ||| READING scroll labelled ABBONL WACEPUA.
   853 | D:1      | 853 ||| READING scroll labelled EPUPUW GIUMINO.
   853 | D:1      | 853 ||| IDENTIFYING cyan potion
   854 | D:1      | 854 ||| DROPPING scroll of butterflies.
   894 | D:2      | 894 ||| FLEEEEING.
   895 | D:2      | 895 ||| FLEEEEING.
   989 | D:2      | Found a faded altar of an unknown god.
  1078 | D:2      | Reached skill level 5 in Ranged Weapons
  1165 | D:2      | Reached XP level 4. HP: 22/22 MP: 5/5
  1328 | D:2      | 1328 ||| UPGRADING to +2 robe of willpower.
  1338 | D:2      | 1338 ||| DROPPING +0 robe.
  1339 | D:2      | 1339 ||| READING scroll of identify.
  1339 | D:2      | 1339 ||| IDENTIFYING bubbling clear potion
  1340 | D:2      | 1340 ||| READING scroll labelled UDU ERRI USA.
  1341 | D:2      | 1341 ||| READING scroll labelled ROLUAL WUNOEF.
  1342 | D:2      | 1342 ||| READING scroll labelled KODDURCH TUFEI.
  1344 | D:2      | 1344 ||| Stepping ~*~*~tactically~*~*~ (cloud).
  1350 | D:2      | HP: 5/22 [poisoned by you (poison gas)]
  1488 | D:3      | Found a shimmering blue altar of Sif Muna.
  1649 | D:3      | Noticed qw's ghost (amateur SpHu)
  1684 | D:3      | Found a transporter.
  1704 | D:3      | Found a transporter.
  1920 | D:3      | Noticed a steam dragon
  1922 | D:3      | HP: 5/22 [something/ball of steam (17)]
  1923 | D:3      | 1923 ||| DRINKING potion of heal wounds.
  1924 | D:3      | 1924 ||| FLEEEEING.
  1925 | D:3      | 1925 ||| Stepping ~*~*~tactically~*~*~ (cloud).
  1926 | D:3      | Engulfed by a steam dragon's steam

Levels and vault maps discovered:
D:1:      grunt_arrival_lava_bath, layout_basic, chequers_avenue, minivault_23
D:2:      layout_basic, nicolae_ecumenical_snake_handling, glass_columns_a
D:3:      layout_basic, marbit_many_paths, gammafunk_ghost_stat_death

Skill      XL: |  1  2  3 |
---------------+----------+-----
Dodging        | 3 4 |  4.9
Ranged Weapons | 5 |  5.0
Fighting       | |  1.5
Stealth        | |  1.5

Action                     |  1- 3 |  4- 6 || total
---------------------------+-------+-------++-------
   Fire: Shortbow          |   104 |    48 ||   152
    Use: Scroll            |     4 |     4 ||     8
         Potion            |       |     1 ||     1
 Armour: Robe              |    14 |    12 ||    26
  Dodge: Dodged            |    31 |     9 ||    40

Table legend:
 A = Non-vault XP
 B = Vault XP
 C = Vault XP percentage of total XP
 D = Non-vault monster count
 E = Vault monster count
 F = Vault count percentage of total count
                 A         B        C        D         E       F
            +---------+---------+-------+---------+---------+-------
      Total |     128 |       8 |   5.9 |      54 |       4 |   6.9
            +---------+---------+-------+---------+---------+-------
        D:1 |      51 |       0 |   0.0 |      28 |       0 |   0.0
        D:2 |      52 |       6 |  10.3 |      18 |       3 |  14.3
        D:3 |      25 |       2 |   7.4 |       8 |       1 |  11.1
            +---------+---------+-------+---------+---------+-------
